 Dungeon Crawl Stone Soup version 0.24.0-13-gcf9b3192b9 (webtiles) character file.

Game seed: 15048939023860873030, levelgen mode: deterministic

342432 duckybubbers the Tortoise (level 21, -15/199 (201) HPs)
             Began as a Minotaur Fighter on Nov 9, 2019.
             Was an Elder of the Shining One.
             Demolished by a death ooze (16 damage)
             ... while paralysed by a floating eye
             ... on level 9 of a ziggurat.
             The game lasted 03:08:36 (41882 turns).

duckybubbers the Tortoise (Minotaur Fighter)       Turns: 41882, Time: 03:08:37

HP:   -15/199 (201) AC: 25    Str: 27    XL:     21   Next: 11%
MP:   27/29         EV:  2    Int:  6    God:    the Shining One [****..]
Gold: 1943          SH:  0    Dex: 32    Spells: 20/20 levels left

rFire    + . .     SeeInvis +   S - +10 war axe "Kotry" {flame, Dex+2}
rCold    . . .     Gourm    .   b - +8 large shield of a bailey {-Cast rElec Dex+4}
rNeg     + + +     Faith    .   L - +2 pearl dragon scales
rPois    .         Spirit   .   A - +2 hat {MR+}
rElec    +         Reflect  +   H - scarf {cloud immunity}
rCorr    .         Harm     .   Z - +2 pair of gloves of Gluttony {*Slow Int-4 Dex+8 SInv}
MR       ++...     NoCast   +   G - +2 pair of boots {Fly}
Stlth    +.........             v - +6 amulet of reflection
HPRegen  0.43/turn              s - ring of the Moon {rElec rF+}
MPRegen  0.21/turn              a - ring of Gyke {+Fly AC+2 Int+2 SInv}

@: paralysed, agile, divine shield, corroded, flying, glowing
A: retaliatory headbutt, horns 2, clever 1
}: 2/15 runes: decaying, gossamer
a: Divine Shield, Cleansing Flame, Renounce Religion, Stop Flying


You were on level 9 of a ziggurat.
You worshipped the Shining One.
The Shining One was greatly pleased with you.
You were not hungry.

You visited 7 branches of the dungeon, and saw 37 of its levels.
You visited the Abyss 1 time.
You visited 1 ziggurat, and saw 9 of its levels.
You also visited: Volcano.

You collected 4085 gold pieces.
You spent 2142 gold pieces at shops.

Inventory:

Hand Weapons
 i - the +7 scimitar of the Candelabrum {slice, rElec MR+ SInv}
   (Okawaru gifted it to you on level 1 of the Orcish Mines)

   It inflicts extra damage upon your enemies.
   It insulates you from electricity.
   It affects your resistance to hostile enchantments.
   It lets you see invisible.
 n - the +5 scimitar of Bemipof {freeze, +Rage rPois}
   (Okawaru gifted it to you in a volcano)

   It has been specially enchanted to freeze those struck by it, causing extra
   injury to most foes and up to half again as much damage against particularly
   susceptible opponents.
   It can also slow down cold-blooded creatures.
   It protects you from poison.
   It lets you go berserk.
 z - the +8 long sword "Rot Doagib" {slice, *Slow rF++ MR+ Stlth+, unknown}
   (You found it on level 8 of a ziggurat)

   It inflicts extra damage upon your enemies.
   It greatly protects you from fire.
   It affects your resistance to hostile enchantments.
   It may slow you when you take damage.
   It makes you more stealthy.
 C - the +8 longbow "Caofeng" {freeze, Str+3 Int+3 Dex-5 SInv}
   (Okawaru gifted it to you on level 9 of the Dungeon)

   It causes projectiles fired from it to freeze those they strike, causing
   extra injury to most foes and up to half again as much damage against
   particularly susceptible opponents.
   They can also slow down cold-blooded creatures.
   It affects your strength (+3).
   It affects your intelligence (+3).
   It affects your dexterity (-5).
   It lets you see invisible.
 O - the +1 triple sword of Jufriy {freeze, MR++ Str+3}
   (Okawaru gifted it to you on level 12 of the Dungeon)

   It has been specially enchanted to freeze those struck by it, causing extra
   injury to most foes and up to half again as much damage against particularly
   susceptible opponents.
   It can also slow down cold-blooded creatures.
   It affects your strength (+3).
   It affects your resistance to hostile enchantments.
 S - the +10 war axe "Kotry" (weapon) {flame, Dex+2}
   (You found it on level 4 of the Lair of Beasts)

   It has been specially enchanted to burn those struck by it, causing extra
   injury to most foes and up to half again as much damage against particularly
   susceptible opponents.
   Big, fiery blades are also staple armaments of hydra-hunters.
   It affects your dexterity (+2).
Missiles
 p - 4 boomerangs of dispersal (quivered)
 U - 594 arrows
Armour
 b - the +8 large shield of a bailey (worn) {-Cast rElec Dex+4}
   (You acquired it on level 3 of the Depths)

   It affects your dexterity (+4).
   It insulates you from electricity.
   It prevents spellcasting.
 A - a +2 hat of magic resistance (worn)
 G - a +2 pair of boots of flying (worn)
 H - a scarf of cloud immunity (worn)
 L - +2 pearl dragon scales (worn)
 P - quicksilver dragon scales
 Z - the +2 pair of gloves of Gluttony (worn) {*Slow Int-4 Dex+8 SInv}
   (You found it on level 4 of the Lair of Beasts)

   It affects your intelligence (-4).
   It affects your dexterity (+8).
   It lets you see invisible.
   It may slow you when you take damage.
Jewellery
 a - the ring of Gyke (right hand) {+Fly AC+2 Int+2 SInv}
   (You bought it in a shop on level 12 of the Dungeon)

   [ring of protection]

   It affects your AC (+2).
   It affects your intelligence (+2).
   It lets you see invisible.
   It lets you fly.
 s - the ring of the Moon (left hand) {rElec rF+}
   (You bought it in a shop on level 2 of the Orcish Mines)

   [ring of protection from fire]

   It protects you from fire.
   It insulates you from electricity.
 v - a +6 amulet of reflection (around neck)
Wands
 q - a wand of polymorph (16)
 w - a wand of digging (21)
 y - a wand of flame (14)
 B - a wand of disintegration (32)
 D - a wand of iceblast (9)
 N - a wand of enslavement (18)
 R - a wand of paralysis (17)
Scrolls
 g - a scroll of fear
 h - 11 scrolls of magic mapping
 l - 3 scrolls of fog
 m - 12 scrolls of remove curse
 o - a scroll of holy word
 r - 5 scrolls of identify
 t - 3 scrolls of blinking
 F - 2 scrolls of brand weapon
 I - a scroll of acquirement
 J - a scroll of summoning
 K - 7 scrolls of immolation
 M - 3 scrolls of enchant weapon
 T - a scroll of silence
 X - 2 scrolls of teleportation
Potions
 c - 4 potions of lignification
 d - 3 potions of cancellation
 e - a potion of brilliance
 j - 6 potions of flight
 k - 5 potions of curing
 u - 3 potions of haste
 E - a potion of magic {unknown}
 Q - 2 potions of agility
 W - 4 potions of ambrosia
Comestibles
 f - 23 rations


   Skills:
 + Level 20.1 Fighting
 - Level 16.7 Long Blades
 + Level 15.3 Axes
 - Level 7.8 Bows
 + Level 20.3 Armour
 - Level 5.2 Dodging
 + Level 19.8 Shields
 * Level 12.3 Invocations
 - Level 2.5 Evocations


You had 20 spell levels left.
You didn't know any spells.
Your spell library contained the following spells:

 Spells                   Type           Power        Failure   Level  Hunger
 Animate Skeleton         Necr           N/A          86%         1    ##.....
 Apportation              Tloc           #.....       86%         1    ##.....
 Confusing Touch          Hex            #.....       86%         1    ##.....
 Corona                   Hex            #......      86%         1    ##.....
 Infusion                 Chrm           #...         86%         1    ##.....
 Sandblast                Erth           #.....       86%         1    ##.....
 Summon Butterflies       Summ           #.......     86%         1    ##.....
 Summon Small Mammal      Summ           #...         86%         1    ##.....
 Corpse Rot               Necr           N/A          95%         2    ###....
 Ensorcelled Hibernation  Hex/Ice        #.....       95%         2    ###....
 Passwall                 Tmut/Erth      #.......     95%         2    ###....
 Shroud of Golubria       Chrm/Tloc      #.....       95%         2    ###....
 Song of Slaying          Chrm           #.......     95%         2    ###....
 Confuse                  Hex            #.......     99%         3    ####...
 Dazzling Spray           Conj/Hex       #.....       99%         3    ####...
 Gell's Gravitas          Tloc           #.........   99%         3    ####...
 Lesser Beckoning         Tloc           #.........   99%         3    ####...
 Regeneration             Chrm/Necr      #.........   99%         3    ####...
 Spectral Weapon          Hex/Chrm       #.......     99%         3    ####...
 Static Discharge         Conj/Air       #.......     99%         3    ####...
 Stone Arrow              Conj/Erth      #.....       99%         3    ####...
 Summon Guardian Golem    Hex/Summ       #.......     99%         3    ####...
 Tukima's Dance           Hex            #.......     99%         3    ####...
 Leda's Liquefaction      Hex/Erth       #.........   100%        4    #####..
 Petrify                  Tmut/Erth      #.......     100%        4    #####..
 Alistair's Intoxication  Tmut/Pois      #.......     100%        5    ######.
 Aura of Abjuration       Summ           #.........   100%        5    ######.
 Bolt of Magma            Conj/Fire/Erth #.........   100%        5    ######.
 Lee's Rapid Deconstruct  Erth           #.........   100%        5    ######.
 Lightning Bolt           Conj/Air       #.........   100%        5    ######.
 Metabolic Englaciation   Hex/Ice        #.........   100%        5    ######.
 Summon Forest            Summ/Tloc      #.........   100%        5    ######.
 Yara's Violent Unravell  Hex/Tmut       #.........   100%        5    ######.
 Hydra Form               Tmut           #.........   100%        6    #######
 Invisibility             Hex            #.......     100%        6    #######
 Iron Shot                Conj/Erth      #.........   100%        6    #######
 Statue Form              Tmut/Erth      #........    100%        6    #######
 Summon Hydra             Summ           #.........   100%        7    #######
 Ignition                 Fire           #.........   100%        8    #######
 Dragon's Call            Summ           #.........   100%        9    #######
 Shatter                  Erth           #.........   100%        9    #######
 Tornado                  Air            #.........   100%        9    #######


Dungeon Overview and Level Annotations

Branches:
Dungeon (15/15)            Temple (1/1) D:6            Lair (6/6) D:11
  Swamp (4/4) Lair:3       Spider (4/4) Lair:4        Slime (0/5) Lair:6
    Orc (2/2) D:9             Elf (0/3) Orc:2        Vaults (0/5) D:13
 Depths (5/5) D:15        Volcano (visited)
    Zot: Depths:5

Altars:
Ashenzari
Cheibriados
Dithmenos
Elyvilon
Fedhas
Gozag
Hepliaklqana
Kikubaaqudgha
Makhleb
Nemelex Xobeh
Okawaru
Qazlal
Ru
Sif Muna
Trog
Uskayaw
Vehumet
Wu Jian
Xom
Yredelemnul
Zin
The Shining One
Beogh
Jiyva

Shops:
D:4 :   D:6 *   D:8 [   D:12 :*%(=   D:15 (   Orc:2 =%!=

Portals:
Hell: Depths:1 Depths:4
Abyss: Depths:4

Annotations:
D:4 1 runed translucent door


Innate Abilities, Weirdness & Mutations

You reflexively headbutt those who attack you in melee.
You have a pair of horns on your head.
Your mind is acute. (Int +2)


Message History

* * * LOW HITPOINT WARNING * * *
Two slime creatures merge to form a large slime creature.
The floating eye's view fixates on you.
The death ooze jiggles.
The death ooze barely misses you. The death ooze hits you!
* * * LOW HITPOINT WARNING * * *
The azure jelly barely misses you.
The azure jelly hits you but does no damage.
The azure jelly hits you.
* * * LOW HITPOINT WARNING * * *
The azure jelly hits you but does no damage.
The slime creature hits you!
* * * LOW HITPOINT WARNING * * *
The acid blob spits acid at you.
The splash of acid hits you but does no damage.
You are splashed with acid!
* * * LOW HITPOINT WARNING * * *
The floating eye gazes piercingly through you!
You shrug off the repeated paralysis!
The death ooze hits you!
You die...

▓▓▓▓▓▓▓▓▓▓▓
▓▓.........▓
▓▓...........
▓▓............
▓▓......J......
▓▓.....GJJG.....
▓.∩.....@JJ.....
▓▓......JJG.....
▓▓......J......
▓▓............
▓▓...........
▓▓.........▓
▓▓▓▓▓▓▓▓▓▓▓


You could see an acid blob, 2 azure jellies, a large slime creature, 3 slime
creatures, a shining eye, a death ooze, an eye of draining and a floating eye.

Vanquished Creatures
  Sojobo (Depths:4)
  5 caustic shrikes
  Nikola (Swamp:3)
  A bone dragon (Abyss:3)
  An electric golem (Zig:5)
  Arachne (Spider:2)
  5 liches
  2 tentacled monstrosities (Depths:4)
  Rupert (Lair:4)
  2 quicksilver dragons (Depths:4)
  5 titans
  Jorgrun (Spider:1)
  A deep elf master archer (Depths:3)
  A deep elf blademaster (Depths:3)
  An acid blob (Zig:9)
  A sphinx (Depths:4)
  A thorn hunter (Swamp:2)
  A storm dragon (Depths:3)
  Frances (Spider:1)
  2 shadow dragons
  Gastronok (Lair:3)
  Kirke (Lair:4)
  2 draconian monks
  Donald (Swamp:3)
  5 fire giants
  Roxanne (Swamp:4)
  3 tengu reavers
  2 iron dragons
  9 frost giants
  Louise (Swamp:3)
  6 ghost moths
  A balrug (Zig:7)
  A deep elf elementalist (Depths:2)
  7 emperor scorpions (Spider:4)
  3 orc warlords
  An angel (Depths:3)
  2 very ugly things
  A draconian stormcaller (Zig:4)
  8 stone giants
  2 spriggan defenders (Depths:3)
  A juggernaut skeleton (Zig:7)
  2 entropy weavers
  Azrael (Orc:1)
  3 green draconians (Depths:3)
  2 deep elf demonologists (Depths:4)
  A vampire knight (Depths:4)
  A deep elf annihilator (Zig:8)
  3 spark wasps (Depths:1)
  2 black draconians
  2 red draconians
  A minotaur (shapeshifter) (Depths:3)
  2 minotaurs
  A purple draconian (Depths:3)
  5 ettins
  3 merfolk javelineers
  Erolcha (Orc:1)
  2 death oozes (Swamp:4)
  2 green deaths (Swamp:4)
  Snorg (Lair:3)
  Josephine (D:15)
  2 jiangshi (Depths:4)
  5 fire dragons
  3 ogre magi
  3 deep elf high priests
  4 yaktaur captains
  2 great orbs of eyes
  Fannar (Lair:1)
  3 rakshasas
  A hell beast (Swamp:4)
  17 hydras
  3 ice dragons
  A catoblepas (D:13)
  6 two-headed ogres
  4 shambling mangroves
  A ghost crab (Swamp:4)
  3 spriggan air magi
  3 vault guards (D:13)
  6 centaur warriors
  Erica (D:11)
  16 alligators
  A death knight (D:12)
  A satyr (Zig:6)
  8 deep troll shamans
  3 dancing weapons (Zig:8)
  2 tengu warriors
  2 vampire magi
  8 deep troll earth magi
  A thrashing horror (Swamp:4)
  2 spriggan berserkers
  4 orc high priests (Orc:2)
  Nergalle (D:11)
  3 deep elf knights
  3 iron trolls (Depths:4)
  7 skeletal warriors
  A spatial maelstrom (Abyss:3)
  2 hell knights (Depths:3)
  A sixfirhy (Abyss:3)
  A shadow wraith (Abyss:3)
  10 swamp dragons
  3 spriggan druids
  16 deep trolls
  A glowing orange brain (Abyss:3)
  4 unseen horrors
  2 flayed ghosts (Depths:4)
  2 golden dragon skeletons
  3 wizards
  4 deep elf archers
  7 necromancers
  9 orc knights
  52 ugly things
  6 orc sorcerers
  A harpy (D:15)
  5 cyclopes
  7 deep elf magi
  A salamander (Depths:3)
  3 oklob plants (Lair:2)
  33 wolf spiders
  2 fauns (Zig:6)
  18 orb spiders
  A manticore (D:13)
  A moth of wrath (Spider:2)
  A frost giant zombie (Zig:7)
  8 elephants
  A stone giant skeleton (D:15)
  A frost giant skeleton (Zig:7)
  8 black mambas
  2 worldbinders (Abyss:3)
  A guardian serpent (shapeshifter) (D:13)
  A fire giant skeleton (Zig:7)
  A molten gargoyle (Volcano)
  2 orange demons (Swamp:4)
  A torpor snail (Lair:5)
  A rime drake (Lair:2)
  8 komodo dragons
  An efreet (D:13)
  14 spiny frogs
  2 freezing wraiths (D:12)
  4 yaktaurs
  17 demonic crawlers
  A guardian mummy (D:15)
  An ice devil (Abyss:3)
  A merfolk (D:9)
  A queen bee (shapeshifter) (Depths:4)
  7 trolls
  2 tengu conjurers
  44 jumping spiders
  3 polar bears (Lair:6)
  27 hornets
  Prince Ribbit (D:9)
  3 meliai
  A meliai (shapeshifter) (Depths:4)
  12 tyrant leeches
  2 large abominations (Swamp:4)
  43 slime creatures
  A dream sheep (Lair:6)
  10 bog bodies
  A raiju (Abyss:3)
  A fire dragon zombie (D:15)
  4 blink frogs
  7 hippogriffs
  An ettin zombie (Zig:7)
  88 redbacks
  19 spriggans
  2 air elementals
  A spriggan skeleton (D:15)
  6 shadows
  26 tarantellas
  6 wraiths
  3 hogs (Lair:4)
  A wyvern (Lair:6)
  2 fire elementals (Orc:1)
  6 fire bats (Volcano)
  8 vampire mosquitoes
  Eustachio (D:5)
  A chaos spawn (Abyss:3)
  16 yaks
  14 humans (D:13)
  A golden eye (Zig:9)
  3 basilisks
  The ghost of tonywhite87 the Skirmisher, an amateur DsAK of Lugonu (D:4)
  5 hungry ghosts
  A spatial vortex (Abyss:3)
  6 water moccasins
  2 small abominations
  14 swamp worms
  2 acid dragons
  9 wargs
  9 insubstantial wisps (Swamp:4)
  A floating eye (shapeshifter) (D:15)
  3 soldier ants
  Duvessa (D:4)
  40 orc warriors
  7 porcupines
  2 hell hounds (Orc:1)
  2 swamp drakes
  5 ice beasts
  5 sky beasts
  An eye of draining (D:11)
  4 black bears
  21 centaurs
  24 wolves
  5 boggarts
  2 phantoms
  2 necrophages
  13 ogres
  14 crocodiles
  6 big kobolds
  14 bullfrogs
  4 earth elementals (Spider:3)
  Dowan (D:4)
  A wyvern skeleton (D:7)
  8 scorpions
  10 killer bees
  8 wights
  A howler monkey (D:9)
  7 lava snakes (Volcano)
  2 electric eels
  6 crimson imps
  3 quasits
  2 bullfrog zombies
  A jelly (D:8)
  29 orc priests
  6 hounds
  29 orc wizards
  5 bullfrog skeletons
  6 iguanas
  12 worker ants
  A hound zombie (D:10)
  2 hound skeletons
  A howler monkey zombie (D:8)
  A worker ant zombie (D:9)
  3 gnolls (D:4)
  17 adders
  2 howler monkey skeletons
  4 shadow imps
  2 adder zombies
  2 adder skeletons
  5 worms
  4 dart slugs
  5 leopard geckos
  119 orcs
  3 ball pythons
  10 giant cockroaches
  9 hobgoblins
  6 jackals
  31 kobolds
  5 quokkas
  4 bats
  6 frilled lizards
  A giant cockroach zombie (D:5)
  9 goblins
  A jackal zombie (D:9)
  2 leopard gecko skeletons
  11 rats
  3 briar patches (Swamp:2)
  A bush (Lair:6)
  6 fungi (Lair:6)
  5 plants
1552 creatures vanquished.

Vanquished Creatures (collateral kills)
  A steam dragon (Zig:3)
1 creature vanquished.

Vanquished Creatures (others)
  A deep elf master archer (Depths:1)
  A stone giant (Depths:1)
  A naga sharpshooter (Zig:6)
  A deep elf archer (Depths:1)
  A deep elf mage (Depths:1)
  2 cyclopes (Zig:6)
  A moth of wrath (Spider:4)
  A spiny frog (Swamp:4)
  2 yaktaurs (Depths:4)
  A hornet (Swamp:3)
  A human (D:13)
  5 insubstantial wisps
  A swamp drake (Lair:3)
  An orc warrior (D:15)
  A jelly (D:13)
  An orc priest (Orc:2)
  2 orcs
  A kobold (D:10)
  5 fungi
  3 plants
33 creatures vanquished.

Grand Total: 1586 creatures vanquished

Notes
Turn   | Place    | Note
-------+----------+-------------------------------------------
     0 | D:1      | duckybubbers the Minotaur Fighter began the quest for the
                  | Orb.
     0 | D:1      | Reached XP level 1. HP: 19/19 MP: 0/0
   115 | D:1      | Reached XP level 2. HP: 27/27 MP: 1/1
   157 | D:1      | Found an iron altar of Okawaru.
   173 | D:1      | Became a worshipper of Warmaster Okawaru
   406 | D:1      | Reached XP level 3. HP: 30/33 MP: 2/2
   886 | D:2      | Noticed a +0 hand axe
   888 | D:2      | Noticed a +0 hand axe
   892 | D:2      | Found a hide-covered altar of Uskayaw.
  1244 | D:2      | Reached XP level 4. HP: 40/40 MP: 3/3
  1740 | D:3      | Reached XP level 5. HP: 47/47 MP: 4/4
  1932 | D:3      | Noticed a moth of wrath
  1935 | D:3      | Found a bloodstained altar of Trog.
  2227 | D:3      | Found a sacrificial altar of Ru.
  2242 | D:3      | Reached skill level 5 in Axes
  2246 | D:3      | Reached XP level 6. HP: 4/55 MP: 5/5
  2777 | D:3      | Reached * piety under Okawaru
  2895 | D:4      | Found a snail-covered altar of Cheibriados.
  2896 | D:4      | Noticed Dowan
  2896 | D:4      | Noticed Duvessa
  2907 | D:4      | Found a runed translucent door.
  2914 | D:4      | Killed Duvessa
  2914 | D:4      | Reached skill level 5 in Fighting
  2914 | D:4      | Reached skill level 1 in Long Blades
  2914 | D:4      | Reached skill level 5 in Armour
  2914 | D:4      | Reached skill level 5 in Shields
  2923 | D:4      | Killed Dowan
  3038 | D:4      | Noticed tonywhite87's ghost (amateur DsAK)
  3043 | D:4      | Reached XP level 7. HP: 61/61 MP: 6/6
  3077 | D:4      | Killed tonywhite87's ghost
  3088 | D:4      | Found a runed translucent door.
  3196 | D:4      | Found an opulent altar of Gozag.
  3225 | D:4      | Found Xengubb Sopn's Book Shop.
  3266 | D:4      | Reached ** piety under Okawaru
  3331 | D:5      | Entered Level 5 of the Dungeon
  3331 | D:5      | Noticed Eustachio
  3830 | D:5      | Reached XP level 8. HP: 70/70 MP: 7/7
  3863 | D:5      | Killed Eustachio
  4044 | D:5      | Found a glowing golden altar of the Shining One.
  4467 | D:6      | Reached *** piety under Okawaru
  4555 | D:6      | Reached skill level 5 in Long Blades
  4599 | D:6      | Found an ornate altar of the Wu Jian Council.
  4635 | D:6      | Found a staircase to the Ecumenical Temple.
  4718 | D:6      | Found a shimmering altar of Xom.
  4823 | D:6      | Found Ragar's Serpentskin Sales.
  4831 | D:6      | Reached XP level 9. HP: 74/79 MP: 8/8
  5372 | D:7      | Noticed a green ugly thing
  5403 | D:7      | Killed a green ugly thing
  5403 | D:7      | Reached **** piety under Okawaru
  5403 | D:7      | Reached skill level 10 in Armour
  5992 | D:8      | Found Jaroumau's Antique Armour Emporium.
  6332 | D:9      | Found a shadowy altar of Dithmenos.
  6458 | D:9      | Found a stormy altar of Qazlal.
  6474 | D:9      | Found a white marble altar of Elyvilon.
  6524 | D:9      | Found an iron altar of Okawaru.
  6525 | D:9      | Noticed a two-headed ogre
  6542 | D:9      | Killed a two-headed ogre
  6542 | D:9      | Reached XP level 10. HP: 90/90 MP: 6/9
  6578 | D:9      | Reached ***** piety under Okawaru
  6587 | D:9      | Found a staircase to the Orcish Mines.
  6702 | D:9      | Noticed Prince Ribbit
  6735 | D:9      | Killed Prince Ribbit
  6925 | D:9      | Received a gift from Okawaru
  6926 | D:9      | Got a jewelled longbow {god gift}
  6944 | D:9      | Noticed a deep elf mage
  6953 | D:9      | Killed a deep elf mage
  7044 | D:9      | Noticed a two-headed ogre
  7053 | D:9      | Killed a two-headed ogre
  7161 | D:9      | Found a basalt altar of Yredelemnul.
  7191 | D:9      | Noticed a two-headed ogre
  7198 | D:9      | Killed a two-headed ogre
  7198 | D:9      | Reached skill level 10 in Long Blades
  7405 | D:10     | Entered Level 10 of the Dungeon
  7459 | D:10     | Reached XP level 11. HP: 49/99 MP: 10/10
  7864 | D:10     | Received a gift from Okawaru
  7864 | D:10     | Reached skill level 10 in Shields
  7905 | D:10     | Reached skill level 10 in Fighting
  8386 | D:11     | Identified the Disquisition on Calling
  8515 | D:11     | Noticed Erica
  8526 | D:11     | Killed Erica
  8561 | D:11     | Found a staircase to the Lair.
  8774 | D:11     | Noticed Nergalle
  8792 | D:11     | Killed Nergalle
  9144 | D:12     | Found Vykyip's Assorted Antiques.
  9144 | D:12     | Noticed a skeletal warrior
  9178 | D:12     | Killed a skeletal warrior
  9201 | D:12     | Bought a pair of runed boots for 210 gold pieces
  9210 | D:12     | Noticed a death knight
  9215 | D:12     | Noticed an eight-headed hydra
  9256 | D:12     | Found Cyneucso's Weapon Shop.
  9279 | D:12     | Found Dielilos's Food Boutique.
  9331 | D:12     | Found Rusil's Jewellery Boutique.
  9469 | D:12     | Noticed a wizard
  9475 | D:12     | Killed a wizard
  9475 | D:12     | Received a gift from Okawaru
  9475 | D:12     | Reached ****** piety under Okawaru
  9476 | D:12     | Got a translucent triple sword {god gift}
  9595 | D:12     | Killed a death knight
  9687 | D:12     | Found Xivvufirr's Book Shoppe.
  9731 | D:12     | Reached XP level 12. HP: 93/109 MP: 11/11
 10183 | D:12     | Killed a four-headed hydra
 10423 | D:13     | Noticed a catoblepas
 10439 | D:13     | Killed a catoblepas
 10439 | D:13     | Reached skill level 1 in Invocations
 10779 | D:13     | Received a gift from Okawaru
 11142 | D:13     | Identified the +1 triple sword of Jufriy {freeze, MR++
                  | Str+3} (Okawaru gifted it to you on level 12 of the
                  | Dungeon)
 11152 | D:13     | Found a gate to the Vaults.
 11152 | D:13     | Noticed a vault guard
 11152 | D:13     | Noticed a vault guard
 11152 | D:13     | Noticed a vault guard
 11158 | D:13     | Killed a vault guard
 11166 | D:13     | Killed a vault guard
 11170 | D:13     | Killed a vault guard
 11183 | D:13     | Reached skill level 5 in Invocations
 11459 | D:13     | Noticed a two-headed ogre
 11467 | D:13     | Killed a two-headed ogre
 11467 | D:13     | Reached XP level 13. HP: 93/117 MP: 14/16
 12114 | D:13     | Received a gift from Okawaru
 12168 | D:13     | Identified the +8 longbow "Caofeng" {freeze, Str+3 Int+3
                  | Dex-5 SInv} (Okawaru gifted it to you on level 9 of the
                  | Dungeon)
 12437 | D:13     | Reached skill level 1 in Bows
 12802 | D:14     | Found a radiant altar of Vehumet.
 13028 | D:14     | Found a glowing silver altar of Zin.
 13028 | D:14     | Noticed a tengu reaver
 13028 | D:14     | Noticed an ettin
 13043 | D:14     | Killed a tengu reaver
 13049 | D:14     | Killed an ettin
 13053 | D:14     | Found a basalt altar of Yredelemnul.
 13405 | D:15     | Entered Level 15 of the Dungeon
 13561 | D:15     | Noticed a fire dragon
 13575 | D:15     | Received a gift from Okawaru
 13603 | D:15     | Noticed Josephine
 13619 | D:15     | Killed Josephine
 13619 | D:15     | Reached XP level 14. HP: 92/128 MP: 15/17
 13680 | D:15     | Found a staircase to the Depths.
 13870 | D:15     | Reached skill level 5 in Bows
 14240 | D:15     | Reached skill level 1 in Dodging
 14351 | D:15     | Received a gift from Okawaru
 14457 | D:15     | Found Dunt's Antique Weapon Shoppe.
 14950 | D:13     | Reached skill level 15 in Armour
 15086 | D:12     | Bought the ring of Gyke {+Fly AC+2 Int+2 SInv} for 412 gold
                  | pieces
 15211 | Orc:1    | Entered Level 1 of the Orcish Mines
 15257 | Orc:1    | Received a gift from Okawaru
 15258 | Orc:1    | Got a dazzling scimitar {god gift}
 15259 | Orc:1    | Identified the +7 scimitar of the Candelabrum {slice, rElec
                  | MR+ SInv} (Okawaru gifted it to you on level 1 of the
                  | Orcish Mines)
 15781 | Orc:2    | Entered Level 2 of the Orcish Mines
 15781 | Orc:2    | Noticed Erolcha
 15935 | Orc:2    | Noticed Azrael
 15983 | Orc:1    | Killed Erolcha
 16069 | Orc:1    | Killed Azrael
 16069 | Orc:1    | Reached XP level 15. HP: 136/139 MP: 16/18
 16124 | Orc:2    | Found a roughly hewn altar of Beogh.
 16340 | Orc:2    | Found a staircase to the Elven Halls.
 16358 | Orc:2    | Received a gift from Okawaru
 16481 | Orc:2    | Found Tecwenui's Jewellery Shop.
 16499 | Orc:2    | Found Wojac's Jewellery Shop.
 16499 | Orc:2    | Found Daffes's Food Emporium.
 16501 | Orc:2    | Found Fuaciokk's Distillery.
 17067 | Orc:2    | Bought the ring of the Moon {rElec rF+} for 429 gold pieces
 17067 | Orc:2    | Bought a +6 amulet of reflection for 643 gold pieces
 17071 | Orc:2    | Bought a potion of might for 64 gold pieces
 17071 | Orc:2    | Bought a potion of curing for 48 gold pieces
 17071 | Orc:2    | Bought a potion of heal wounds for 80 gold pieces
 17071 | Orc:2    | Bought a potion of heal wounds for 80 gold pieces
 17071 | Orc:2    | Bought a potion of curing for 48 gold pieces
 17071 | Orc:2    | Bought a potion of mutation for 128 gold pieces
 17071 | Orc:2    | Gained mutation: Your mind is acute. (Int +2) [potion of
                  | mutation]
 17071 | Orc:2    | Gained mutation: You possess an exceptional clarity of
                  | mind. [potion of mutation]
 17301 | Lair:1   | Entered Level 1 of the Lair of Beasts
 17332 | Lair:1   | Reached skill level 15 in Fighting
 17375 | Lair:1   | Noticed Fannar
 17387 | Lair:1   | Killed Fannar
 17625 | Lair:1   | Received a gift from Okawaru
 17626 | Lair:1   | Got an iridescent shortbow {god gift}
 18682 | Lair:2   | Reached skill level 5 in Dodging
 19757 | Lair:3   | Found a staircase to the Swamp.
 19907 | Lair:3   | Noticed Snorg
 19918 | Lair:3   | Killed Snorg
 20312 | Lair:3   | Noticed Gastronok
 20324 | Lair:3   | Killed Gastronok
 20558 | Lair:4   | Got a pair of brightly glowing gloves
 20569 | Lair:4   | Identified the +2 pair of gloves of Gluttony {*Slow Int-4
                  | Dex+8 SInv} (You found it on level 4 of the Lair of Beasts)
 20614 | Lair:4   | Found a hole to the Spider Nest.
 20716 | Lair:4   | Found a dark tunnel.
 20729 | Volcano  | Entered a volcano
 20969 | Volcano  | Found a bloodstained altar of Trog.
 20976 | Volcano  | Reached skill level 15 in Long Blades
 21014 | Volcano  | Received a gift from Okawaru
 21020 | Volcano  | Got a crystal scimitar {god gift}
 21021 | Volcano  | Identified the +5 scimitar of Bemipof {freeze, +Rage rPois}
                  | (Okawaru gifted it to you in a volcano)
 21296 | Lair:4   | Reached skill level 15 in Shields
 21465 | Lair:4   | Noticed Kirke
 21571 | Lair:4   | Killed Kirke
 21784 | Lair:4   | Noticed Rupert
 21795 | Lair:4   | Paralysed by Rupert for 6 turns
 21814 | Lair:4   | Killed Rupert
 22196 | Lair:4   | Got a dazzling war axe
 22197 | Lair:4   | Identified the +10 war axe "Kotry" {flame, Dex+2} (You
                  | found it on level 4 of the Lair of Beasts)
 22518 | Lair:5   | Received a gift from Okawaru
 23120 | Lair:5   | Received a gift from Okawaru
 23198 | Lair:5   | Reached XP level 16. HP: 151/151 MP: 19/19
 23453 | Lair:6   | Entered Level 6 of the Lair of Beasts
 24201 | Lair:6   | Got an encrusted dagger
 24212 | Lair:6   | Identified the cursed +0 dagger of Extremism {speed, rC+
                  | MR++} (You found it on level 6 of the Lair of Beasts)
 24556 | Lair:6   | Found a viscous altar of Jiyva.
 24557 | Lair:6   | Found a staircase to the Slime Pits.
 24573 | Lair:6   | Received a gift from Okawaru
 24742 | Spider:1 | Entered Level 1 of the Spider Nest
 24743 | Spider:1 | You fall into a shaft and drop 1 floor!
 24774 | Spider:1 | Noticed Jorgrun
 24786 | Spider:1 | Killed Jorgrun
 25253 | Spider:1 | Received a gift from Okawaru
 25311 | Spider:1 | Noticed Frances
 25317 | Spider:1 | Killed Frances
 25344 | Spider:1 | Found a roughly hewn altar of Beogh.
 25665 | Spider:2 | Reached skill level 10 in Axes
 25781 | Spider:2 | Noticed Arachne
 25814 | Spider:2 | Killed Arachne
 25814 | Spider:2 | Received a gift from Okawaru
 25814 | Spider:2 | Reached XP level 17. HP: 103/160 MP: 11/20
 26683 | Spider:3 | Received a gift from Okawaru
 27443 | Spider:4 | Entered Level 4 of the Spider Nest
 28404 | Spider:4 | Received a gift from Okawaru
 28854 | Spider:4 | Got a gossamer rune of Zot
 29173 | Swamp:1  | Entered Level 1 of the Swamp
 29389 | Swamp:1  | Received a gift from Okawaru
 29541 | Swamp:1  | Reached XP level 18. HP: 165/171 MP: 21/21
 30959 | Swamp:3  | Noticed Louise
 30968 | Swamp:3  | Cast into level 3 of the Abyss (Louise)
 31070 | Abyss:3  | Noticed a profane servitor
 31074 | Abyss:3  | Found a corrupted altar of Lugonu.
 31113 | Abyss:3  | Noticed a lich
 31129 | Abyss:3  | Killed a lich
 31144 | Abyss:3  | Noticed a bone dragon
 31165 | Abyss:3  | Killed a bone dragon
 31168 | Swamp:3  | Escaped the Abyss
 31178 | Swamp:3  | Killed Louise
 31240 | Swamp:3  | Noticed Donald
 31636 | Swamp:3  | Killed Donald
 31644 | Swamp:3  | Noticed Nikola
 31662 | Swamp:3  | Killed Nikola
 31662 | Swamp:3  | Received a gift from Okawaru
 32105 | Swamp:4  | Entered Level 4 of the Swamp
 32131 | Swamp:4  | Noticed Roxanne
 32149 | Swamp:4  | Received a gift from Okawaru
 32173 | Swamp:4  | Killed Roxanne
 32254 | Swamp:4  | Received a gift from Okawaru
 32801 | Swamp:4  | Reached skill level 1 in Evocations
 32861 | Swamp:4  | Got a decaying rune of Zot
 33605 | Temple   | Entered the Ecumenical Temple
 33708 | Temple   | Fell from the grace of Okawaru
 33708 | Temple   | Became a worshipper of the Shining One
 33927 | Depths:1 | Entered Level 1 of the Depths
 33950 | Depths:1 | Reached XP level 19. HP: 181/181 MP: 22/22
 34239 | Depths:1 | Reached * piety under the Shining One
 34272 | Depths:1 | Found a gateway to Hell.
 35629 | Depths:2 | Identified the ring of Miemai {rPois rC+ MR+++ MP+9 Stlth-}
 35804 | Depths:2 | HP: 8/182 [frost giant/bolt of cold (43)]
 36448 | Depths:2 | You are sucked into a shaft and drop 2 floors!
 36449 | Depths:4 | Reached ** piety under the Shining One
 36623 | Depths:4 | Found a one-way gate to the infinite horrors of the Abyss.
 36729 | Depths:4 | Found a gateway to a ziggurat.
 36853 | Depths:5 | Entered Level 5 of the Depths
 36853 | Depths:5 | Noticed a caustic shrike
 36853 | Depths:5 | Reached *** piety under the Shining One
 36854 | Depths:5 | Noticed a caustic shrike
 36934 | Depths:4 | Noticed a caustic shrike
 36934 | Depths:4 | Noticed a caustic shrike
 36935 | Depths:4 | Noticed a caustic shrike
 36935 | Depths:4 | Noticed a caustic shrike
 36935 | Depths:4 | Noticed a caustic shrike
 36936 | Depths:4 | Noticed a Brimstone Fiend
 37211 | Depths:4 | Killed a caustic shrike
 37294 | Depths:4 | Noticed Sojobo
 37310 | Depths:4 | Killed Sojobo
 37489 | Depths:4 | Reached **** piety under the Shining One
 37911 | Depths:3 | Identified a scroll of acquirement
 37913 | Depths:3 | Got a scorched large shield
 37924 | Depths:3 | Identified the +8 large shield of a bailey {-Cast rElec
                  | Dex+4} (You acquired it on level 3 of the Depths)
 38012 | Depths:3 | Reached XP level 20. HP: 65/191 MP: 16/26
 38505 | Depths:3 | Reached skill level 10 in Invocations
 38740 | Depths:3 | Killed a caustic shrike
 38915 | Depths:3 | Killed a caustic shrike
 39066 | Depths:3 | Killed a caustic shrike
 39233 | Depths:3 | Killed a caustic shrike
 39289 | Depths:3 | Was forgiven by Okawaru
 40563 | Zig:1    | Entered Level 1 of a ziggurat
 40591 | Zig:2    | Entered Level 2 of a ziggurat
 40617 | Zig:2    | Reached skill level 15 in Axes
 40747 | Zig:3    | Entered Level 3 of a ziggurat
 40879 | Zig:4    | Entered Level 4 of a ziggurat
 40948 | Zig:5    | Entered Level 5 of a ziggurat
 41160 | Zig:5    | Got a scorched jade ring
 41171 | Zig:5    | Identified the ring "Naloikop" {rN+ Str-5 Int+6 Stlth+}
                  | (You found it on level 5 of a ziggurat)
 41486 | Zig:6    | Entered Level 6 of a ziggurat
 41505 | Zig:6    | Reached XP level 21. HP: 193/201 MP: 24/29
 41527 | Zig:7    | Entered Level 7 of a ziggurat
 41566 | Zig:7    | Got a flickering bronze ring
 41570 | Zig:7    | Identified the ring of the Cockatrice {rPois rN+ Int+4}
                  | (You found it on level 7 of a ziggurat)
 41689 | Zig:8    | Entered Level 8 of a ziggurat
 41722 | Zig:8    | Got a fine long sword
 41865 | Zig:9    | Entered Level 9 of a ziggurat
 41871 | Zig:9    | Lost mutation: You possess an exceptional clarity of mind.
                  | [a shining eye]
 41878 | Zig:9    | Paralysed by a floating eye for 4 turns
 41882 | Zig:9    | HP: 1/199 [acid (11)]
 41882 | Zig:9    | Demolished by a death ooze

Levels and vault maps discovered:
D:1:      ncdulo_wetmaze, layout_basic, okawaru_ov_weapons_minmay
D:2:      layout_loops_cross, dancing_weapons_uskayaw, first_ration,
          minmay_crystal_water, guppyfry_early_lair_pool
D:3:      layout_loops_ring, nicolae_ru_awakened_eye, tgw_trog
D:4:      layout_rooms, lemuel_round_altar, nicolae_gozag_seed_capital,
          serial_shops, kennysheep_little_box, ebering_ghost_sewer_f,
          uniq_duvessa
D:5:      layout_loops_ring, basic_altar, uniq_eustachio
D:6:      layout_basic, brannock_xom_greatest_gift, overflow_temple_1_default,
          minmay_temple_entry_wispy, guppyfry_shop_venom
D:7:      layout_rooms
D:8:      layout_cave_pods, serial_shops, shop, hangedman_decor_growths
D:9:      layout_basic, grunt_dithmenos_smoke_and_mirrors,
          nicolae_overflow_quartered_altars, hangedman_fish_farm,
          uniq_prince_ribbit1
D:10:     minmay_recursive_quarters, layout_basic
D:11:     layout_irregular_city, lair_entry_dummy, uniq_erica, uniq_nergalle
D:12:     layout_layer_cave, serial_shops, nicolae_shop_overgrown_old_shop,
          shop_coins, shop, kennysheep_mini, shop, lightli_wizard_tower
D:13:     layout_irregular_city, grunt_vaults_entry_tiered,
          minmay_misc_feat_room
D:14:     layout_cave_pools, basic_altar, jmf_multi_god_temple
D:15:     gammafunk_depths_entry_grave, layout_irregular_city, serial_shops,
          shop, grunt_tough_drop, uniq_josephine
Temple:   eino_wide_crystal_templ
Lair:1:   layout_gridlike, uniq_fannar
Lair:2:   beast_lair_carwin_large_1, layout_cave_shapes,
          hangedman_lair_generics_rect, minmay_lair_oklob_chamber,
          grunt_megastairs_2, serial_bayou_shore_b
Lair:3:   layout_layer_cave, minmay_swamp_entry_reptiles, grunt_megastairs_4,
          uniq_gastronok, uniq_snorg
Lair:4:   minmay_lair_venomous_thicket, layout_long_grid, dummy_spider_entry,
          enter_volcano_2, uniq_rupert, uniq_kirke
Lair:5:   layout_layer_cave
Lair:6:   minmay_lair_end_enchanted_forest, layout_layer_cave, slime_altar_1
Swamp:1:  layout_basic_swamp, serial_swamp_ruin, evilmike_swamp_ruin_house_3,
          evilmike_swamp_ruin_house_5, hangedman_swamp_ruin_wall, swamp_pool2
Swamp:2:  layout_basic_swamp, evilmike_swamp_ruin_wall, swamp_pool4
Swamp:3:  layout_basic_swamp, evilmike_swamp_ruin_house_6, uniq_donald,
          uniq_louise, uniq_nikola
Swamp:4:  swamp_vile, layout_basic_swamp, infiniplex_staircase_pool,
          uniq_roxanne
Spider:1: nicolae_spider_mines_2, guppyfry_spider_mini_1, uniq_frances,
          uniq_jorgrun
Spider:2: layout_spider_delve, uniq_arachne
Spider:3: layout_spider_delve, hangedman_stitches_earthworm
Spider:4: grunt_spider_rune_circles
Orc:1:    layout_diamond_mine, lightli_orcish_oven
Orc:2:    st_orc_elflike, layout_diamond_mine, basic_altar, uniq_erolcha,
          uniq_azrael
Depths:1: layout_roguey, serial_sigils_hangedman_clutch, hell_entry,
          chequers_jeans, minivault_10, kilobyte_mutagenic_chamber,
          serial_bayou_shore_b
Depths:2: minmay_the_grid_square_5x5_3x3 [minmay_the_grid_square_5x5_mess,
          minmay_the_grid_square_5x5_tri_point,
          minmay_the_grid_square_5x5_dogpile,
          minmay_the_grid_square_5x5_checkered_sparse,
          minmay_the_grid_square_5x5_megaprize_checkered,
          minmay_the_grid_square_5x5_doubleslash,
          minmay_the_grid_square_5x5_checkered,
          minmay_the_grid_square_5x5_spiral, minmay_the_grid_square_5x5_eight],
          layout_gridlike, infiniplex_staircase_spiral_double,
          hangedman_coc_ice_floe, serial_shops, shop, grunt_decor_arrowhead
Depths:3: box_level_dp, hell_entry, pan_entry, serial_shops
Depths:4: grunt_bent_corner, layout_basic, enter_ziggurat_c,
          minmay_misc_feat_cross, hellmouth_1,
          nicolae_abyss_entry_one_way_or_another,
          infiniplex_staircase_split_hallway, uniq_sojobo
Depths:5: grunt_zot_entry_bicorn, layout_gridville,
          nemelex_xobeh_ov_fountains_minmay, hell_entry, serial_shops,
          bzr_in_the_mist, shop, shop, nicolae_shop_crystal, nicolae_shop_trees
Zig:9

Skill      XL: |  1  2  3  4  5  6  7  8  9 10 11 12 13 14 15 16 17 18 19 20 |
---------------+-------------------------------------------------------------+-----
Axes           | 3 4 5 10 11 13 14 15 | 15.3
Fighting       | 4 5 6 7 8 9 11 12 13 14 15 16 17 18 19 20 | 20.1
Armour         | 4 5 7 9 10 11 12 13 14 15 16 17 18 19 20 | 20.3
Shields        | 4 5 6 7 8 9 11 12 13 14 15 16 17 18 19 | 19.8
Long Blades    | 1 3 5 7 10 12 13 14 15 16 | 16.7
Invocations    | 5 6 9 12 | 12.3
Bows           | 4 7 |  7.8
Dodging        | 3 5 |  5.2
Evocations     | 2 |  2.5

Action                   |  1- 3 |  4- 6 |  7- 9 | 10-12 | 13-15 | 16-18 | 19-21 || total
-------------------------+-------+-------+-------+-------+-------+-------+-------++-------
Melee: War axe           |   102 |    82 |       |       |    15 |   672 |   951 ||  1822
       Headbutt          |     8 |    19 |    90 |   175 |   401 |   587 |   386 ||  1666
       Falchion          |       |    48 |   426 |   211 |       |       |       ||   685
       Long sword        |       |       |       |   294 |   771 |       |       ||  1065
       Scimitar          |       |       |       |   210 |   589 |  1000 |       ||  1799
       Triple sword      |       |       |       |    43 |   138 |       |       ||   181
 Fire: Longbow           |       |       |       |       |    11 |       |       ||    11
Throw: Boomerang         |       |       |       |       |       |     1 |     2 ||     3
Invok: Heroism           |       |       |     2 |     6 |    23 |    12 |       ||    43
       Finesse           |       |       |       |       |     1 |     1 |       ||     2
       Divine Shield     |       |       |       |       |       |       |    10 ||    10
       Cleansing Flame   |       |       |       |       |       |       |     9 ||     9
 Abil: Evoke Berserk Rag |       |       |       |       |     1 |       |       ||     1
Evoke: Wand              |       |       |       |     3 |     5 |     1 |     7 ||    16
  Use: Scroll            |     1 |       |    14 |     4 |    19 |     9 |    31 ||    78
       Potion            |       |     2 |     6 |     2 |     7 |     5 |    19 ||    41
 Stab: Invisible         |       |     1 |     1 |       |       |       |       ||     2
       Confused          |       |       |       |       |     2 |       |       ||     2
       Held in net/web   |       |       |       |       |       |     1 |       ||     1
  Eat: Chunk             |       |     4 |     9 |     9 |    21 |    24 |     4 ||    71
       Ration            |       |     1 |     1 |     2 |     7 |     5 |     7 ||    23
Armor: Scale mail        |    47 |       |       |       |       |       |       ||    47
       Plate armour      |     7 |    74 |   216 |   305 |   654 |   138 |       ||  1394
       Pearl dragon scal |       |       |       |       |       |   476 |   314 ||   790
Dodge: Dodged            |    32 |    27 |    64 |    94 |   302 |   478 |   253 ||  1250
Block: Shield            |    55 |    78 |   226 |   129 |       |       |       ||   488
       Large shield      |       |       |       |   418 |  1411 |  2509 |  1396 ||  5734
       Other             |       |       |       |       |    35 |       |       ||    35
       Reflection        |       |       |       |       |    10 |    24 |    60 ||    94
       Rpst.: Falchion   |       |     1 |    17 |    10 |       |       |       ||    28
       Long sword        |       |       |       |     9 |    25 |       |       ||    34
       Scimitar          |       |       |       |     2 |    23 |    68 |       ||    93
       Triple sword      |       |       |       |     5 |    14 |       |       ||    19
